cohdb
Replays
Latest Replays
All Replays
Popular Replays
Top Player Replays
Match Explorer
How It Works
Community
CoH3 Stats
Reddit
Sign in to upload your games and track your stats! →
Sign in with Steam
Match 28622472
Unlisted
Match 28622472
Overview
Messages
Build Orders
End
Construct Infanterie Kompanie
Pioneer Squad
Selects Luftwaffe Battlegroup
Selects Luftwaffe Pioneer Support
Fallschirmpioneer Squad Paradrop
Construct Infanterie Kompanie
Fallschirmpioneer Squad Paradrop
Construct Luftwaffe Kompanie
221 Scout Car
Medical Station
Ruby
HulkSMASH
101
FooKilla
0
0
Comments
sign in to comment!
No comments posted yet!